 Dungeon Crawl Stone Soup version 0.31-a0-675-g238779eb0a (webtiles) character file.

Game seed: 496296348271539756

696 qw the Skirmisher (level 7, -4/44 HPs)
             Began as a Gargoyle Hunter on Sept 5, 2023.
             Slain by Edmund
             ... wielding a +6 heavy flail
              (8 damage)
             ... on level 5 of the Dungeon.
             The game lasted 00:01:24 (3584 turns).

qw the Skirmisher (Gargoyle Hunter)                 Turns: 3584, Time: 00:01:25

Health: -4/44      AC: 11    Str: 15    XL:     7   Next: 64%
Magic:  7/7        EV: 11    Int:  9    God:
Gold:   265        SH:  0    Dex: 15    Spells: 6/6 levels left

rFire   + . .        Y - +2 shortbow
rCold   . . .        (shield currently unavailable)
rNeg    + . .        o - +0 ring mail
rPois   inf          f - +0 helmet
rElec   +            (no cloak)
rCorr   .            (no gloves)
SInv    .            (no boots)
Will    .....        (no amulet)
Stlth   +            i - ring of protection from fire
HPRegen 0.27/turn    (no ring)
MPRegen 0.10/turn

%: no passive effects
@: about to teleport
A: sickness immunity, AC +4, negative energy resistance 1, electricity
resistance, torment resistance 1, petrification resistance
a: no special abilities


You were on level 5 of the Dungeon.
You visited 1 branch of the dungeon, and saw 5 of its levels.

You collected 265 gold pieces.


Innate Abilities, Weirdness & Mutations

You are immune to sickness and miasma.
Your stone body is resilient. (AC +4)
You are immune to poison.
You resist negative energy. (rN+)
You are resistant to electric shocks. (rElec)
You are resistant to unholy torment.
You are immune to petrification.


   Skills:
 + Level 4.6 Fighting
 - Level 8.0 Ranged Weapons
 - Level 1.0 Armour
 - Level 2.0 Dodging
 - Level 1.1 Stealth


You had 6 spell levels left.
You didn't know any spells.
Your spell library was empty.

Inventory:

Hand Weapons
 Y - a +2 shortbow (weapon)
Armour
 f - a +0 helmet (worn)
 o - a +0 ring mail (worn)
Jewellery
 i - a ring of protection from fire (left hand)
Scrolls
 a - a scroll of identify
Potions
 b - a potion of haste
 d - a potion of cancellation
 e - a potion of brilliance {unknown}
 g - a potion of might {unknown}
 h - 2 potions of attraction {unknown}
 j - a potion of curing
 l - a potion of enlightenment {unknown}

Dungeon Overview and Level Annotations

Branches:
Dungeon (5/15)
 Temple: D:4-7

Altars:
Nemelex Xobeh

Annotations:
D:5 1 runed translucent door, Crazy Yiuf, Edmund


Message History

Edmund is lightly wounded.
You shoot an arrow. The arrow hits Edmund.
Edmund is moderately wounded.
You shoot an arrow.
The arrow hits Edmund but does no damage.
Edmund is moderately wounded.
You shoot an arrow.
The arrow hits Edmund but does no damage.
Edmund is moderately wounded.
Edmund hits you with a +6 heavy flail!
You shoot an arrow. The arrow closely misses Edmund.
Edmund barely misses you.
You shoot an arrow. The arrow hits Edmund.
Edmund is heavily wounded.
Edmund hits you with a +6 heavy flail!
You shoot an arrow. The arrow barely misses Edmund.
You shoot an arrow.
The arrow hits Edmund but does no damage.
Edmund is heavily wounded.
Edmund barely misses you.
You shoot an arrow.
The arrow hits Edmund but does no damage.
Edmund is heavily wounded.
Edmund closely misses you.
You shoot an arrow.
The arrow hits Edmund but does no damage.
Edmund is heavily wounded.
You shoot an arrow.
The arrow hits Edmund but does no damage.
Edmund is heavily wounded.
Edmund hits you with a +6 heavy flail!
3583 ||| READING scroll of teleportation.
As you read the scroll of teleportation, it crumbles to dust.
You feel strangely unstable.
Edmund says, "You wouldn't believe how much I paid for this flail."
Edmund hits you with a +6 heavy flail.
You shoot an arrow. The arrow barely misses Edmund.
Edmund hits you with a +6 heavy flail!
You die...
Edmund says, "That'll show my brother!"

#.....####
###.....##
#........#
#.....>..#
#........#
##.)......##
#..........#
#..........#
#...@......#
#...@......#
#..........#
#..........#
#..........#
#..........#
#..........#
#..........#


You could see Edmund.

Vanquished Creatures
  Sigmund (D:4)
  An ogre (D:5)
  A scorpion (D:4)
  A hound (D:4)
  An orc priest (D:5)
  Natasha (thrice) (D:2)
  3 iguanas
  Robin (D:4)
  6 adders
  An ufetubus (D:3)
  3 worms
  3 dart slugs
  9 orcs
  6 ball pythons
  7 bats
  7 endoplasms
  3 giant cockroaches
  16 goblins
  6 hobgoblins
  3 jackals
  5 kobolds
  4 quokkas
  7 frilled lizards
  4 rats
102 creatures vanquished.

Notes
Turn   | Place    | Note
-------+----------+-------------------------------------------
     0 | D:1      | qw the Gargoyle Hunter began the quest for the Orb.
     0 | D:1      | Reached XP level 1. HP: 12/12 MP: 1/1
     0 | D:1      | 0 ||| qw: Version: 0.3-a-75-g829b12e
     0 | D:1      | 0 ||| qw: Game counter: 43
     0 | D:1      | 0 ||| qw: Melee chars always use a shield: true
     0 | D:1      | 0 ||| qw: God list: Okawaru
     0 | D:1      | 0 ||| qw: Allow faded altars: false
     0 | D:1      | 0 ||| qw: Do Orc after clearing Dungeon:15 true
     0 | D:1      | 0 ||| qw: Do second Lair branch before Depths: true
     0 | D:1      | 0 ||| qw: Lair rune preference: random
     0 | D:1      | 0 ||| qw: Goals: Normal
     0 | D:1      | 0 ||| PLANNING D:1-11
    42 | D:1      | Reached XP level 2. HP: 17/17 MP: 2/2
   305 | D:1      | You fall into a shaft and drop 1 floor!
   315 | D:2      | Reached XP level 3. HP: 21/21 MP: 3/3
   339 | D:2      | 339 ||| UPGRADING to +0 helmet.
   344 | D:2      | 344 ||| READING 2 scrolls labelled LIG PEIGIUNNEWK.
   345 | D:2      | 345 ||| DROPPING scroll of fog.
   346 | D:2      | 346 ||| DROPPING scroll of butterflies.
   612 | D:1      | Reached skill level 5 in Ranged Weapons
   674 | D:1      | 674 ||| READING scroll labelled BIDENU PITEERE.
   884 | D:2      | Noticed Natasha
   888 | D:2      | Killed Natasha
   889 | D:2      | Reached skill level 3 in Fighting
   889 | D:2      | Reached XP level 4. HP: 19/28 MP: 4/4
   958 | D:2      | Noticed Natasha
   965 | D:2      | Killed Natasha
  1231 | D:2      | Reached XP level 5. HP: 32/32 MP: 5/5
  1464 | D:2      | Noticed Natasha
  1470 | D:2      | HP: 8/32 [Natasha/magic dart (7)]
  1470 | D:2      | HP: 2/32 [Natasha (4)]
  1471 | D:2      | Killed Natasha
  1727 | D:2      | 1727 ||| UPGRADING to ring of protection from fire.
  1728 | D:2      | 1728 ||| READING 3 scrolls labelled FARGHI NEUQUBET.
  1729 | D:2      | 1729 ||| READING scroll labelled JAUHESCH EL CIW.
  1730 | D:2      | 1730 ||| READING scroll labelled XENOTE OHE AGH.
  1731 | D:2      | 1731 ||| READING 2 scrolls of identify.
  1731 | D:2      | 1731 ||| IDENTIFYING glowing golden potion
  1766 | D:3      | 1766 ||| STAIRDANCE
  1771 | D:3      | 1771 ||| STAIRDANCE
  2003 | D:3      | Reached skill level 6 in Ranged Weapons
  2283 | D:3      | Reached skill level 1 in Armour
  2426 | D:3      | 2426 ||| READING 2 scrolls of identify.
  2426 | D:3      | 2426 ||| IDENTIFYING dark potion
  2557 | D:4      | Reached XP level 6. HP: 38/38 MP: 6/6
  2632 | D:4      | Noticed Sigmund
  2639 | D:4      | Killed Sigmund
  2640 | D:4      | Reached skill level 7 in Ranged Weapons
  2698 | D:4      | Reached XP level 7. HP: 36/43 MP: 7/7
  2762 | D:4      | Found a sparkling altar of Nemelex Xobeh.
  2763 | D:4      | Noticed Ijyb
  2867 | D:4      | Noticed Robin
  2888 | D:4      | Killed Robin
  3244 | D:4      | 3244 ||| UPGRADING to +0 ring mail.
  3254 | D:4      | 3254 ||| DROPPING +0 leather armour.
  3255 | D:4      | 3255 ||| READING 2 scrolls labelled ARRAMO MIKHLUCE.
  3256 | D:4      | 3256 ||| READING scroll of enchant weapon.
  3256 | D:4      | 3256 ||| ENCHANTING +1 shortbow.
  3257 | D:4      | 3257 ||| READING scroll labelled GAPUSI DUMMAEXT.
  3258 | D:4      | 3258 ||| DRINKING 2 smoky white potions.
  3262 | D:5      | Entered Level 5 of the Dungeon
  3266 | D:5      | 3266 ||| STAIRDANCE
  3279 | D:5      | 3279 ||| STAIRDANCE
  3334 | D:5      | Found a runed translucent door.
  3335 | D:5      | Noticed Crazy Yiuf
  3397 | D:5      | Reached skill level 8 in Ranged Weapons
  3411 | D:5      | 3411 ||| Stepping ~*~*~tactically~*~*~ (outnumbered).
  3568 | D:5      | Noticed Edmund
  3582 | D:5      | HP: 7/44 [Edmund/+6 heavy flail (13)]
  3583 | D:5      | 3583 ||| READING scroll of teleportation.
  3584 | D:5      | Slain by Edmund

Levels and vault maps discovered:
D:1:      dpeg_arrival_lava_temple_mockup, layout_loops_ring
D:2:      layout_basic, chequers_arboretum, interstate_on_off, uniq_natasha
D:3:      layout_basic
D:4:      layout_loops_ring, nemelex_spade_bored_becter, uniq_sigmund,
          uniq_ijyb, uniq_robin
D:5:      black_bear_nest_1, layout_basic, uniq_crazy_yiuf_cottage, uniq_edmund

Skill      XL: |  1  2  3  4  5  6  7 |
---------------+----------------------+-----
Ranged Weapons | 5 6 7 8 |  8.0
Fighting       | 3 4 |  4.6
Armour         | 1 |  1.0
Dodging        | 2 |  2.0
Stealth        | |  1.1

Action                     |  1- 3 |  4- 6 |  7- 9 || total
---------------------------+-------+-------+-------++-------
   Fire: Shortbow          |    65 |   182 |   107 ||   354
    Use: Scroll            |     2 |     5 |     4 ||    11
         Potion            |       |       |     1 ||     1
 Armour: Leather armour    |     9 |    66 |    15 ||    90
         Ring mail         |       |       |    35 ||    35
  Dodge: Dodged            |     5 |    44 |    59 ||   108

Table legend:
 A = Non-vault XP
 B = Vault XP
 C = Vault XP percentage of total XP
 D = Non-vault monster count
 E = Vault monster count
 F = Vault count percentage of total count
                 A         B        C        D         E       F
            +---------+---------+-------+---------+---------+-------
      Total |     691 |     304 |  30.6 |      87 |      15 |  14.7
            +---------+---------+-------+---------+---------+-------
        D:1 |      34 |       0 |   0.0 |      21 |       0 |   0.0
        D:2 |     145 |      35 |  19.4 |      27 |       1 |   3.6
        D:3 |      43 |       0 |   0.0 |      18 |       0 |   0.0
        D:4 |     239 |     269 |  53.0 |      10 |      14 |  58.3
        D:5 |     230 |       0 |   0.0 |      11 |       0 |   0.0
            +---------+---------+-------+---------+---------+-------
